 Dungeon Crawl Stone Soup version 0.21.1-1-g345015f (webtiles) character file.

1806 wojtek the Cleaver (level 8, -4/70 HPs)
             Began as a Minotaur Fighter on July 29, 2018.
             Was a Follower of Makhleb.
             Slain by a hornet (6 damage)
             ... on level 7 of the Dungeon.
             The game lasted 00:08:34 (6348 turns).

wojtek the Cleaver (Minotaur Fighter)               Turns: 6348, Time: 00:08:35

Health: -4/70      AC:  7    Str: 22    XL:     8   Next: 84%
Magic:  9/9        EV:  9    Int:  5    God:    Makhleb [*.....]
Gold:   334        SH: 10    Dex: 11    Spells: 7/7 levels left

rFire    + . .     SeeInvis .   a - +0 war axe
rCold    + . .     Gourm    .   c - +0 shield
rNeg     . . .     Faith    .   b - +0 scale mail
rPois    +         Spirit   .   (helmet restricted)
rElec    .         Reflect  .   C - scarf {rC+ rF+}
rCorr    .         Harm     .   (no gloves)
MR       .....                  (no boots)
Stlth    ..........             (no amulet)
HPRegen  0.21/turn              z - ring of poison resistance
MPRegen  0.11/turn              j - ring of poison resistance

@: flying, slowed, very slow
A: retaliatory headbutt, horns 2
a: Renounce Religion


You were on level 7 of the Dungeon.
You worshipped Makhleb.
Makhleb was aware of your devotion.
You were near starving.

You visited 2 branches of the dungeon, and saw 8 of its levels.

You collected 334 gold pieces.

Inventory:

Hand Weapons
 a - a +0 war axe (weapon)
 g - a +1 morningstar of crushing
Missiles
 l - 2 throwing nets (quivered)
Armour
 b - a +0 scale mail (worn)
 c - a +0 shield (worn)
 C - a scarf of resistance (worn)
Jewellery
 j - a ring of poison resistance (right hand)
 z - a ring of poison resistance (left hand)
Wands
 w - a wand of random effects (15)
 x - a wand of acid (10)
 y - a wand of digging (14)
 A - a wand of flame (23)
Scrolls
 e - 4 scrolls of remove curse
 h - 5 scrolls of teleportation
 i - 2 scrolls of blinking {unknown}
 m - a scroll of immolation {unknown}
 n - 3 scrolls of magic mapping
 o - 2 scrolls of enchant armour {unknown}
 u - 6 scrolls of identify {unknown}
 D - a scroll of enchant weapon {unknown}
 E - a scroll of amnesia {unknown}
Potions
 d - 2 potions of might
 k - a potion of degeneration {unknown}
 p - a potion of mutation {unknown}
 q - a potion of flight
 r - 2 potions of curing {unknown}
 s - 2 potions of lignification {unknown}
 t - a potion of heal wounds {unknown}
 v - a potion of cancellation {unknown}
 B - a potion of berserk rage {unknown}
 F - a potion of resistance {unknown}
Comestibles
 f - 12 rations


   Skills:
 + Level 5.7 Fighting
 * Level 9.1 Axes
 + Level 5.5 Armour
 + Level 3.7 Dodging
 + Level 5.9 Shields
 * Level 3.6 Invocations
 + Level 2.0 Evocations


You had 7 spell levels left.
You didn't know any spells.

Dungeon Overview and Level Annotations

Branches:
Dungeon (7/15)             Temple (1/1) D:4

Altars:
Ashenzari
Cheibriados
Dithmenos
Elyvilon
Fedhas
Gozag
Hepliaklqana
Kikubaaqudgha
Makhleb
Nemelex Xobeh
Okawaru
Qazlal
Ru
Sif Muna
Trog
Uskayaw
Wu Jian
Xom
Yredelemnul
Zin
The Shining One

Annotations:
D:3 need dig - monsters


Innate Abilities, Weirdness & Mutations

You reflexively headbutt those who attack you in melee.
You have a pair of horns on your head.


Message History

The fireball explodes!
The fireball engulfs the hornet.
The hornet is heavily wounded.
The fireball engulfs you! You resist. You block the hornet's attack.
The hornet stings you but does no damage.
Evoke which item? (* to show all) (? for menu, Esc to quit)
Aiming: Random Effects
Press: ? - help, Shift-Dir - straight line, f/p - hornet
Aim: a hornet (heavily wounded)
The hornet flickers and vanishes!
Deactivating autopickup; reactivate with Ctrl-A.
You block something's attack. Something stings you!
* * * LOW HITPOINT WARNING * * *
Something stings you!
* * * LOW HITPOINT WARNING * * *
You feel as though you will be slow longer.
Something stings you but does no damage.
It was a potion of flight.
You feel very buoyant.
You fly up into the air.
Something stings you.
You die...

....#.≈≈§§§# #.#
.##..≈§§§≈≈# #.#
.##§§§§§.§P###.##
.##.#P§§P§P§#.#.##
.##.####§§§#.###.#
#+## .##.#
##§#.#<#.## #...#
.##.# ##.###.###
#..... . #.#
#........##......
..#
#.....##@#...$...
........).'...)...
##........#.......
####..#####......
##.# #..... #.#
#...# #+##


There were no monsters in sight!

Vanquished Creatures
  Sigmund (D:3)
  Eustachio (D:5)
  A sky beast (D:2)
  3 ogres
  A bullfrog (D:6)
  2 scorpions
  The ghost of Lucio the Slasher, a weakling FoSk (D:6)
  A wight (D:7)
  4 electric eels (D:6)
  2 jellies
  A gnoll shaman (D:6)
  2 orc priests
  3 orc wizards
  A centaur skeleton (D:6)
  An iguana (D:6)
  Natasha (thrice) (D:4)
  A worker ant (D:6)
  2 hound skeletons (D:6)
  Robin (D:3)
  A worker ant zombie (D:6)
  8 gnolls
  10 adders
  A shadow imp (D:5)
  An ooze (D:2)
  An adder skeleton (D:5)
  3 worms
  8 dart slugs
  4 leopard geckos
  23 orcs
  5 bats
  8 giant cockroaches
  12 goblins (D:3)
  8 hobgoblins
  8 jackals
  2 quokkas
  6 frilled lizards
  3 kobolds
  2 quokka skeletons
  7 rats
153 creatures vanquished.

Vanquished Creatures (others)
  A plant (D:3)
1 creature vanquished.

Grand Total: 154 creatures vanquished

Notes
Turn   | Place    | Note
-------+----------+-------------------------------------------
     0 | D:1      | wojtek the Minotaur Fighter began the quest for the Orb.
     0 | D:1      | Reached XP level 1. HP: 19/19 MP: 0/0
   333 | D:1      | Reached skill level 3 in Axes
   390 | D:1      | Reached XP level 2. HP: 22/26 MP: 1/1
   796 | D:2      | Noticed a sky beast
   807 | D:2      | Killed a sky beast
   807 | D:2      | Reached skill level 6 in Axes
   807 | D:2      | Reached XP level 3. HP: 23/31 MP: 2/2
   807 | D:2      | Reached XP level 4. HP: 29/39 MP: 3/3
   962 | D:2      | Reached XP level 5. HP: 42/45 MP: 4/4
  1695 | D:3      | Noticed Robin
  1699 | D:3      | Killed Robin
  1699 | D:3      | Reached skill level 1 in Dodging
  1758 | D:3      | Found a shattered altar of Ashenzari.
  1762 | D:3      | Saw a vision of the Swamp and the Snake Pit.
  1762 | D:3      | Noticed a naga mage
  1762 | D:3      | Noticed a hornet
  1762 | D:3      | Noticed a naga sharpshooter
  1762 | D:3      | Noticed a naga
  1762 | D:3      | Noticed a naga mage
  1762 | D:3      | Noticed a black mamba
  1762 | D:3      | Noticed a naga mage
  1762 | D:3      | Noticed an alligator
  1762 | D:3      | Noticed a naga sharpshooter
  1762 | D:3      | Noticed a black mamba
  1763 | D:3      | Noticed an anaconda
  1763 | D:3      | Noticed a naga ritualist
  1997 | D:3      | Reached XP level 6. HP: 52/52 MP: 5/5
  2084 | D:3      | Noticed Sigmund
  2095 | D:3      | Killed Sigmund
  2095 | D:3      | Reached skill level 7 in Axes
  2580 | D:4      | Reached XP level 7. HP: 20/60 MP: 6/6
  2986 | D:4      | Noticed Natasha
  2991 | D:4      | Killed Natasha
  3084 | D:4      | Found a staircase to the Ecumenical Temple.
  3090 | D:4      | Noticed Natasha
  3094 | D:4      | Killed Natasha
  3117 | Temple   | Entered the Ecumenical Temple
  3283 | Temple   | Became a worshipper of Makhleb the Destroyer
  3611 | D:5      | Entered Level 5 of the Dungeon
  3669 | D:5      | Reached skill level 5 in Shields
  3674 | D:5      | Reached skill level 1 in Invocations
  3689 | D:5      | Reached skill level 8 in Axes
  4172 | D:5      | Noticed Eustachio
  4181 | D:5      | Reached * piety under Makhleb
  4201 | D:4      | Reached skill level 5 in Fighting
  4201 | D:4      | Reached XP level 8. HP: 18/68 MP: 8/8
  4275 | D:4      | Noticed Natasha
  4286 | D:4      | Killed Natasha
  4286 | D:4      | Reached skill level 1 in Evocations
  4555 | D:5      | Killed Eustachio
  4555 | D:5      | Reached skill level 5 in Armour
  5778 | D:5      | Reached skill level 9 in Axes
  6042 | D:6      | Noticed Lucio's ghost (weakling FoSk)
  6064 | D:6      | Killed Lucio's ghost
  6338 | D:7      | Noticed a hornet
  6347 | D:7      | HP: 2/70 [something (8)]
  6348 | D:7      | Slain by a hornet

Skill      XL: |  1  2  3  4  5  6  7  8 |
---------------+-------------------------+-----
Axes           | 3 6 7 8 9 |  9.1
Dodging        | 1 2 3 |  3.7
Shields        | 4 5 |  5.9
Armour         | 4 5 |  5.5
Fighting       | 4 5 |  5.7
Invocations    | 1 3 |  3.6
Evocations     | 2 |  2.0

Action                   |  1- 3 |  4- 6 |  7- 9 || total
-------------------------+-------+-------+-------++-------
Melee: War axe           |    41 |   179 |   181 ||   401
       Headbutt          |     5 |    25 |    32 ||    62
Evoke: Wand              |       |       |     5 ||     5
  Use: Scroll            |       |       |     3 ||     3
       Potion            |       |       |     1 ||     1
  Eat: Chunk             |       |     6 |    10 ||    16
Armor: Scale mail        |    15 |    57 |    71 ||   143
Dodge: Dodged            |    10 |    38 |    81 ||   129
Block: Shield            |    14 |    62 |    84 ||   160
